 Dungeon Crawl Stone Soup version 0.31-a0-182-gc5ef74bbde (webtiles) character file.

Game seed: 5498388794273339278

96 innerfire43 the Chopper (level 4, 0/35 HPs)
             Began as a Demonspawn Monk on June 20, 2023.
             Slain by a gnoll
             ... wielding a +0 flail
              (3 damage)
             ... on level 3 of the Dungeon.
             The game lasted 00:01:59 (2300 turns).

innerfire43 the Chopper (Demonspawn Monk)           Turns: 2300, Time: 00:02:03

Health: 0/35       AC:  3    Str: 13    XL:     4   Next: 41%
Magic:  4/4        EV: 13    Int: 11    God:
Gold:   198        SH:  0    Dex: 16    Spells: 3/3 levels left

rFire   . . .        a - +0 hand axe
rCold   . . .        d - orb {light}
rNeg    . . .        b - +0 robe
rPois   .            f - +0 helmet
rElec   .            (no cloak)
rCorr   .            (no gloves)
SInv    .            (no boots)
Will    .....        g - amulet of faith
Stlth   +            (no ring)
HPRegen 0.25/turn    (no ring)
MPRegen 0.09/turn

%: faith
@: glowing
A: demonic magic 1
a: no special abilities


You were on level 3 of the Dungeon.
You visited 1 branch of the dungeon, and saw 3 of its levels.

You collected 198 gold pieces.

Inventory:

Hand Weapons
 a - a +0 hand axe (weapon)
Missiles
 p - a throwing net
Armour
 b - a +0 robe (worn)
 d - an orb of light (worn)
 f - a +0 helmet (worn)
Jewellery
 g - an amulet of faith (around neck)
 n - a ring of fire
 r - an amulet of guardian spirit
Scrolls
 h - a scroll of blinking {unknown}
 i - 2 scrolls of amnesia {unknown}
 k - 2 scrolls of immolation {unknown}
 l - a scroll of noise {unknown}
 s - a scroll of revelation {unknown}
Potions
 c - a potion of ambrosia
 e - a potion of berserk rage {unknown}
 j - 2 potions of enlightenment {unknown}
 m - 3 potions of mutation {unknown}
 o - 2 potions of degeneration {unknown}
 q - a potion of heal wounds {unknown}


   Skills:
 + Level 3.5 Fighting
 + Level 3.8 Axes
 + Level 3.3 Dodging
 + Level 0.3 Stealth


You had 3 spell levels left.
You didn't know any spells.
Your spell library contained the following spells:

 Spells                   Type           Power      Damage    Failure   Level
 Freeze                   Ice            0%         1d3       34%         1
 Blink                    Tloc           0%         N/A       47%         2
 Lesser Beckoning         Tloc           0%         N/A       47%         2
 Momentum Strike          Conj/Tloc      0%         3d8       47%         2
 Frozen Ramparts          Ice            0%         1d1       71%         3
 Hailstorm                Conj/Ice       0%         3d3       71%         3
 Ozocubu's Armour         Ice            0%         N/A       71%         3
 Stone Arrow              Conj/Erth      0%         3d7       71%         3
 Animate Armour           Summ/Erth      0%         N/A       98%         4
 Ozocubu's Refrigeration  Ice            0%         4d7       100%        7
 Lehudib's Crystal Spear  Conj/Erth      0%         10d2      100%        8


Dungeon Overview and Level Annotations

Branches:
Dungeon (3/15)

Altars:


Innate Abilities, Weirdness & Mutations

Spells you cast may paralyse adjacent enemies.


Message History

The adder barely misses you.
You barely miss the adder.
The adder is moderately wounded.
The gnoll shouts!
The adder barely misses you. x2
You barely miss the adder.
The adder is moderately wounded.
You hit the gnoll. The gnoll hits you with a +0 flail.
The adder closely misses you.
You barely miss the adder.
The adder is moderately wounded.
You hit the gnoll. The adder closely misses you.
The gnoll hits you with a +0 flail!
You hit the adder.
The adder is almost dead.
You hit the gnoll. You hit the gnoll but do no damage.
The adder barely misses you. The gnoll hits you with a +0 flail.
The gnoll misses you. The adder barely misses you.
The gnoll hits you with a +0 flail!
You are too injured to fight recklessly!
You are too injured to fight recklessly!
You are too injured to fight recklessly!
Unknown command.
You closely miss the adder.
The adder is almost dead.
You hit the gnoll but do no damage. You hit the gnoll.
The adder barely misses you. The gnoll barely misses you.
The gnoll closely misses you. The gnoll barely misses you.
You barely miss the adder.
The adder is almost dead.
You hit the gnoll. x2; The adder closely misses you.
The gnoll barely misses you. The gnoll misses you. The gnoll barely misses you.
The adder bites you.
You closely miss the adder.
The adder is almost dead.
You barely miss the gnoll. You hit the gnoll.
The gnoll hits you with a +0 flail!
* * * LOW HITPOINT WARNING * * *
The gnoll hits you with a +0 flail.
You die...

...#
#######.####.#######
...# ..............#
...#
#.#.####.#####.#
...# #.#.. #.# #.#
...# # ### #.# #.#
#### # #.# >#.#
#.####.##..#.#
#.#.....gg...#.#
#.....S@g# #.#
########.# #.# #.#
#.# #.# #.# #.# #.#
#.#####.# #.......#
#########


You could see 3 gnolls and an adder.

Vanquished Creatures
  3 adders
  3 orcs (D:3)
  6 ball pythons
  6 bats
  4 endoplasms
  3 giant cockroaches (D:1)
  5 hobgoblins
  3 jackals (D:1)
  9 kobolds
  3 quokkas
  4 frilled lizards
  5 goblins
  6 rats
60 creatures vanquished.

Notes
Turn   | Place    | Note
-------+----------+-------------------------------------------
     0 | D:1      | innerfire43 the Demonspawn Monk began the quest for the
                  | Orb.
     0 | D:1      | Reached XP level 1. HP: 18/18 MP: 1/1
   121 | D:1      | Gained mutation: Spells you cast may paralyse adjacent
                  | enemies. [demonic ancestry]
   121 | D:1      | Reached XP level 2. HP: 22/24 MP: 2/2
   602 | D:1      | Reached XP level 3. HP: 29/29 MP: 3/3
  1568 | D:2      | Reached XP level 4. HP: 35/35 MP: 4/4
  2300 | D:3      | Slain by a gnoll

Illustrated notes

Levels and vault maps discovered:
D:1:      dpeg_arrival_rooms_with_view, layout_loops_corners,
          chequers_serial_rivers_room_a, minmay_door_square
D:2:      layout_basic
D:3:      layout_basic

Skill      XL: |  1  2 |
---------------+-------+-----
Axes           | 3 |  3.8
Dodging        | 3 |  3.3
Fighting       | |  3.5
Stealth        | |  0.3

Action                     |  1- 3 |  4- 6 || total
---------------------------+-------+-------++-------
  Melee: Hand axe          |   113 |    46 ||   159
 Armour: Robe              |    27 |    13 ||    40
  Dodge: Dodged            |    86 |    43 ||   129

Table legend: (Time is in decaauts)
 A = Elapsed time spent in this place.
 B = Non-inter-level travel time spent in this place.
 C = Inter-level travel time spent in this place.
 D = Time resting spent in this place.
 E = Time spent auto-exploring this place.
 F = Levels seen in this place.
 G = Mean time per level.
                   A        B        C        D        E       F      G
               +--------+--------+--------+--------+--------+-----+--------+
         Total |   2320 |   2249 |     71 |      0 |   1864 |   3 |  773.3 |
       Dungeon |   2320 |   2249 |     71 |      0 |   1864 |   3 |  773.3 |
               +--------+--------+--------+--------+--------+-----+--------+

Top non-repeatable levels by time:
     D:1: 1182 daAuts
     D:2: 659 daAuts
     D:3: 479 daAuts
